Map: Coda LE (Void)

Players

Bop

  • Race: Terran Terran

Matiz - Winner!

  • Race: Zerg Zerg

VOD

Have the link to the VOD?

Description

Time

  • Played on: May 6, 2015, 7:24 a.m.
  • Length: 11:26
Show
View Real Time Build Order
Export as new Build Order

Bop Terran 

Build Orders: Command Center First (CC), Bio Tank, Siege Tank Drop 

Get SALT Encoding   

  12  0:00  SCV  
  13  0:13  SCV  
  14  0:20  Supply Depot  
  14  0:25  SCV  
  15  0:41  SCV  
  16  0:58  Command Center  
  16  1:02  SCV  
  17  1:13  Barracks  
  17  1:17  SCV  
  18  1:29  SCV  
  19  1:39  Refinery  
  19  1:52  SCV  
  20  2:02  Bunker  
  20  2:04  Marine, Orbital Command  
  21  2:09  Orbital Command  
  21  2:10  Refinery  
  21  2:22  Marine  
  22  2:33  Supply Depot, SCV  
  22  2:35  SCV  
  24  2:41  Factory  
  24  2:47  Barracks Reactor  
  24  2:48  SCV  
  24  2:49  SCV  
  26  3:02  SCV x2  
  26  3:04  Engineering Bay x2  
  28  3:14  SCV  
  28  3:15  SCV  
  30  3:24  Marine  
  30  3:25  Starport  
  30  3:26  Factory Tech Lab, SCV  
  32  3:28  SCV  
  32  3:31  Refinery  
  33  3:39  Terran Infantry Weapons Level 1, SCV  
  33  3:40  SCV  
  35  3:49  Marine x2  
  35  3:50  Siege Tank  
  35  3:51  SCV  
  35  3:52  SCV  
  42  4:03  SCV, Refinery  
  42  4:04  Supply Depot  
  42  4:05  SCV  
  42  4:06  Supply Depot, Medivac  
  46  4:19  Terran Infantry Armor Level 1  
  46  4:24  Command Center  
  46  4:26  SCV  
  46  4:30  SCV  
  48  4:32  Marine x2  
  48  4:38  SCV  
  51  4:42  SCV  
  52  4:48  Armory  
  52  4:50  SCV, Marine  
  54  4:53  Barracks  
  54  5:04  Barracks  
  54  5:05  Barracks  
  54  5:07  Marine  
  54  5:08  Medivac  
  54  5:09  Siege Tank  
  54  5:11  SCV x2  
  62  5:35  SCV x2, Marine x2  
  66  5:36  Supply Depot  
  66  5:38  Supply Depot, Terran Infantry Weapons Level 2, Medivac  
  68  5:46  Barracks Tech Lab  
  68  5:47  SCV  
  68  5:49  SCV x2  
  71  5:54  Barracks Reactor, Barracks Tech Lab  
  71  5:59  Marine  
  71  6:00  Siege Tank, Marine  
  76  6:07  SCV x2  
  76  6:08  Orbital Command, Medivac  
  80  6:14  Marine x2  
  80  6:15  Combat Shields  
  80  6:16  Stimpack  
  80  6:17  Marine  
  83  6:23  Marine  
  84  6:27  Supply Depot  
  84  6:31  Supply Depot x2, Marine  
  85  6:33  Siege Tank  
  85  6:38  Marine x2  
  85  6:39  Marine x2  
  92  6:41  Starport Reactor, Marine  
  93  6:49  Marine  
  93  6:50  Orbital Command  
  94  6:56  Marine x3  
  94  6:57  Missile Turret  
  94  6:58  Missile Turret  
  92  7:03  Missile Turret  
  92  7:13  Marine x4  
  96  7:16  SCV  
  96  7:17  SCV x2  
  96  7:20  Missile Turret  
  99  7:28  SCV, Marine x2  
  102  7:30  SCV x2  
  102  7:31  Terran Infantry Armor Level 2, Marine x2  
  102  7:33  Supply Depot  
  105  7:41  Marine  
  105  7:42  Marine  
  103  7:45  Marine  
  103  7:46  Marine  
  103  7:47  Terran Vehicle and Ship Weapons Level 1  
  103  7:49  Marine x2  
  107  7:59  Medivac, Siege Tank, Marine x2  
  107  8:03  Marine  
  107  8:04  Marine  
  116  8:06  Marine, Medivac  
  116  8:07  Marine  
  113  8:17  Marine x2  
  96  8:21  SCV x3, Marine x2  
  96  8:24  Marine x2  
  97  8:29  Medivac  
  97  8:31  Siege Tank  
  97  8:32  Terran Infantry Weapons Level 3  
  97  8:33  SCV x2  
  102  8:34  Factory  
  102  8:39  Marine  
  102  8:40  Marine x3  
  98  8:41  Missile Turret  
  98  8:42  Missile Turret x2, Marine x2  
  98  8:45  SCV x3  
  103  8:57  Marine  
  103  8:58  Marine x3  
  103  9:00  Barracks, Marine  
  103  9:01  Barracks  
  108  9:05  Refinery  
  108  9:07  Marine  
  109  9:15  Marine x3  
  112  9:17  Marine  
  112  9:18  Marine  
  112  9:19  Factory Tech Lab, Thor  
  120  9:25  Marine  
  120  9:33  Marine x3  
  120  9:35  Marine x2  
  125  9:47  SCV, Supply Depot x3  
  125  9:48  Supply Depot x3, Barracks Reactor  
  125  9:49  Barracks Reactor  
  125  9:52  Barracks  
  125  9:54  Barracks  
  125  9:56  Missile Turret x2  
  125  10:08  SCV, Thor, Marine x5  
  125  10:09  Siege Tank  
  139  10:16  Marine  
  131  10:26  Marine x3  
  134  10:35  Command Center  
  134  10:36  Marine x6  
  134  10:37  Marine  
  134  10:41  Siege Tank  
  144  10:52  Marine  
  144  10:55  Marine  
  144  10:56  Marine  
  144  10:57  Marine x5  
Show
View Real Time Build Order
Export as new Build Order

Matiz Zerg - Winner!

Build Orders: Hatch First, Muta Ling Bane 

Get SALT Encoding   

  12  0:02  Drone  
  13  0:13  Overlord  
  13  0:19  Drone  
  14  0:25  Drone, Extractor  
  15  0:33  Drone  
  16  0:37  Drone  
  17  0:54  Hatchery  
  16  0:57  Drone  
  16  1:01  Drone  
  18  1:15  Spawning Pool  
  18  1:18  Drone  
  18  1:21  Drone  
  19  1:30  Drone  
  19  1:32  Extractor  
  19  1:41  Drone  
  20  1:49  Hatchery  
  19  2:01  Queen  
  19  2:03  Zergling x2  
  22  2:10  Queen  
  22  2:14  Drone  
  25  2:18  Drone  
  26  2:24  Overlord  
  26  2:28  Drone  
  27  2:34  Metabolic Boost  
  27  2:38  Drone  
  27  2:42  Drone  
  30  2:44  Drone  
  30  2:46  Drone  
  30  2:49  Drone  
  32  2:56  Drone x2  
  34  3:07  Overlord  
  34  3:10  Drone x3  
  34  3:11  Drone x2  
  34  3:12  Drone  
  40  3:13  Drone  
  40  3:15  Drone  
  42  3:24  Overlord  
  42  3:26  Drone x3  
  42  3:27  Drone  
  46  3:32  Queen  
  48  3:37  Queen  
  50  3:41  Overlord  
  50  3:43  Drone  
  50  3:45  Drone  
  50  3:48  Drone x2  
  54  3:49  Drone  
  54  3:51  Drone  
  54  3:52  Drone  
  57  3:56  Overlord  
  57  3:57  Overlord  
  57  4:05  Lair  
  57  4:07  Extractor  
  57  4:08  Drone  
  57  4:09  Drone x3, Extractor  
  59  4:10  Drone  
  59  4:13  Drone  
  59  4:14  Drone  
  62  4:20  Overlord, Drone  
  62  4:21  Drone x3  
  62  4:22  Drone  
  67  4:27  Zergling x6  
  70  4:32  Zergling x4  
  70  4:37  Baneling Nest  
  71  4:43  Drone  
  71  4:45  Evolution Chamber  
  71  4:46  Evolution Chamber  
  71  4:47  Hatchery  
  71  4:49  Queen  
  71  4:52  Drone x4, Extractor  
  74  4:53  Extractor x2  
  74  4:54  Zergling x2  
  74  4:55  Zergling x2  
  74  5:00  Drone x2  
  74  5:01  Drone  
  77  5:07  Spire  
  75  5:19  Zerg Melee Weapons Level 1  
  75  5:21  Drone x3  
  77  5:23  Drone x2, Zergling x4  
  77  5:24  Zergling x6  
  83  5:28  Drone  
  83  5:29  Drone x2  
  86  5:36  Centrifical Hooks  
  86  5:38  Overlord x3, Zerg Ground Armor Level 1  
  86  5:47  Overlord x2  
  83  6:09  Drone x8  
  83  6:11  Drone x2  
  89  6:16  Zergling x4  
  89  6:17  Zergling x2  
  89  6:20  Mutalisk  
  89  6:21  Mutalisk x6  
  89  6:25  Overseer  
  102  6:28  Overlord, Overseer  
  102  6:29  Overlord, Queen  
  104  6:33  Extractor  
  104  6:34  Extractor  
  104  6:35  Zergling x2  
  104  6:36  Zergling x6  
  106  6:41  Infestation Pit  
  106  6:42  Drone  
  106  6:43  Drone x3  
  106  6:44  Drone x2, Overlord x2  
  106  6:46  Mutalisk x2  
  115  6:53  Baneling x3  
  115  6:54  Baneling  
  113  6:55  Zergling x10  
  118  7:03  Pneumatized Carapace  
  118  7:10  Mutalisk  
  118  7:11  Mutalisk  
  118  7:12  Zergling x8  
  118  7:13  Zergling x10  
  130  7:27  Hive  
  129  7:34  Zergling x20  
  137  7:41  Zergling x6  
  137  7:44  Baneling x6  
  133  7:45  Overlord, Baneling  
  133  7:51  Zerg Ground Armor Level 2, Zerg Melee Weapons Level 2  
  133  7:59  Overseer  
  133  8:00  Mutalisk x2  
  133  8:03  Zergling x22  
  141  8:16  Zergling x14  
  138  8:25  Zergling x16  
  143  8:31  Baneling x10  
  143  8:37  Mutalisk x4  
  151  8:47  Ultralisk Cavern  
  150  8:49  Zergling x20  
  150  8:51  Adrenal Glands  
  160  9:01  Hatchery  
  159  9:07  Overlord x4  
  159  9:08  Overlord x2  
  159  9:18  Zergling x16  
  159  9:19  Overlord x2  
  159  9:22  Baneling x5  
  167  9:27  Overlord x2  
  167  9:29  Overseer  
  167  9:30  Extractor  
  166  9:34  Extractor  
  165  9:46  Overlord  
  165  9:47  Overlord  
  165  9:48  Ultralisk x4  
  165  9:50  Chitinous Plating  
  187  9:57  Ultralisk  
  193  10:03  Nydus Network  
  193  10:05  Zergling x14  
  191  10:47  Baneling x13  
  191  10:48  Baneling x3  
  191  10:52  Nydus Canal, Zergling x8  
  191  10:53  Zergling x10  
Tags
 
Add a new tag
Caveats
  • Supply blocks, unpowered buildings, or Contaminate may cause inaccurate times.
  • Supply counts are checked every 10 seconds.